 Dungeon Crawl Stone Soup version 0.26.0-10-g1f06aea511 (webtiles) character file.

Game seed: 334247105293147479

3834 Aviak the Fighter (level 10, -8/65 HPs)
             Began as a Gargoyle Berserker on Jan 14, 2021.
             Was an Elder of Trog.
             Mangled by an orc knight
             ... wielding a +0 halberd
              (12 damage)
             ... in a bailey.
             The game lasted 00:11:09 (6396 turns).

Aviak the Fighter (Gargoyle Berserker)              Turns: 6396, Time: 00:11:09

Health: -8/65      AC: 25    Str: 24    XL:     10   Next: 18%
Magic:  10/10      EV:  9    Int:  8    God:    Trog [****..]
Gold:   414        SH:  4    Dex:  9    Spells: 9/9 levels left

rFire    . . .     SeeInvis .   B - +3 whip (freeze)
rCold    . . .     Faith    .   t - +0 buckler
rNeg     + . .     Spirit   .   y - +0 plate armour
rPois    ∞         Reflect  .   s - +0 helmet
rElec    +         Harm     .   j - +0 cloak
rCorr    .         Rampage  .   (no gloves)
Will     ++...                  D - +0 pair of boots
Stlth    ..........             (no amulet)
HPRegen  1.20/turn              (no ring)
MPRegen  0.12/turn              (no ring)

@: regenerating
A: negative energy resistance 1, electricity resistance, unbreathing,
petrification resistance, miasma immunity, AC +7
a: Renounce Religion, Berserk, Trog's Hand, Brothers in Arms


You were in a bailey.
You worshipped Trog.
Trog was greatly pleased with you.
You visited 1 branch of the dungeon, and saw 7 of its levels.
You also visited: Bailey.

You collected 526 gold pieces.
You spent 112 gold pieces at shops.

Inventory:

Hand Weapons
 a - a +0 mace
 B - a +3 whip of freezing (weapon)
Armour
 e - a +1 ring mail of poison resistance
 j - a +0 cloak (worn)
 s - a +0 helmet (worn)
 t - a +0 buckler (worn)
 w - a +0 scale mail
 y - a +0 plate armour (worn)
 D - a +0 pair of boots (worn)
Wands
 c - a wand of acid (4)
 x - a wand of iceblast (4)
Scrolls
 g - a scroll of blinking {unknown}
 m - a scroll of enchant weapon
 r - 3 scrolls of remove curse
 u - a scroll of immolation {unknown}
 z - a scroll of teleportation {unknown}
 A - a scroll of random uselessness {unknown}
Potions
 b - a potion of flight
 d - 2 potions of berserk rage
 h - 2 potions of heal wounds
 k - a potion of mutation {unknown}
 l - 8 potions of curing {unknown}
 n - 2 potions of resistance {unknown}
 o - 2 potions of attraction {unknown}
 p - a potion of degeneration {unknown}
 q - 5 potions of haste {unknown}
 v - a potion of lignification {unknown}
 C - 3 potions of might {unknown}
 E - a potion of ambrosia {unknown}


   Skills:
 + Level 8.6 Fighting
 + Level 7.9 Maces & Flails
 + Level 8.2 Armour
 - Level 4.7 Dodging
 - Level 4.0 Shields
 + Level 1.6 Evocations


You had 9 spell levels left.
You didn't know any spells.
Your spell library was empty.

Dungeon Overview and Level Annotations

Branches:
Dungeon (7/15)             Temple (0/1) D:5          Bailey (1/1)

Altars:
Fedhas
Okawaru
Xom

Shops:
D:4 [


Innate Abilities, Weirdness & Mutations

You are resistant to torment.
Your stone body is resilient. (AC +7)
You are immune to poison.
You resist negative energy. (rN+)
You are resistant to electric shocks. (rElec)
You can survive without breathing.
You are immune to petrification.
You are immune to miasma.


Message History

The orc knight is heavily wounded.
The orc knight hits you from afar with a +0 glaive!
Your skin crawls.
You feel strong-willed.
Things that are here:
a +0 trident; a +0 chain mail Your ogre goes berserk!
The orc warrior no longer looks unusually strong.
The orc knight roars a battlecry!
The orc warrior goes into a battle-frenzy!
The orc knight hits you from afar with a +0 glaive.
The orc knight hits you with a +0 halberd!
You block the orc warrior's attack.
The orc knight hits you with a +0 glaive!!
* * * LOW HITPOINT WARNING * * *
Okay, then.
The orc knight no longer looks unusually strong.
Your ogre hits the orc warrior with a +0 giant club!
The orc knight hits you from afar with a +0 halberd!
You die...

####### ############
#.....## ##........∩.##
.......######............#
.....).#)...#O....)).....#
.....)))....'oo)))))....∩#
......)#....#.o.)........#
...))..######...@).......#
#.....## ##........∩.##
####### ############


You could see 2 orc knights, an orc warrior (strong) and a friendly ogre
(summoned, berserk).

Vanquished Creatures
  Pikel (D:6)
  Prince Ribbit (D:6)
  Grinder (D:3)
  Sigmund (D:4)
  Menkaure (D:5)
  A water moccasin (D:6)
  3 orc warriors
  2 sky beasts
  A phantom (D:4)
  2 centaurs
  2 ogres
  A lemure (D:6)
  A bullfrog (D:7)
  6 scorpions
  2 howler monkeys (D:7)
  A quasit (D:7)
  Crazy Yiuf (D:2)
  A centaur skeleton (D:7)
  3 orc priests (D:7)
  4 iguanas
  5 orc wizards
  2 worker ants
  A worker ant zombie (D:6)
  Robin (D:4)
  8 gnolls
  8 adders
  A white imp (D:6)
  An ufetubus (D:6)
  An ooze (D:2)
  A worm (D:4)
  2 dart slugs (D:2)
  5 leopard geckos
  35 orcs
  6 giant cockroaches
  17 goblins
  11 hobgoblins
  14 jackals
  2 quokkas
  3 ball pythons
  A ball python skeleton (D:2)
  9 bats
  5 frilled lizards
  5 kobolds
  A quokka skeleton (D:4)
  9 rats
190 creatures vanquished.

Vanquished Creatures (collateral kills)
  An orc knight (Bailey)
  3 orc warriors (Bailey)
  6 orcs (Bailey)
10 creatures vanquished.

Grand Total: 200 creatures vanquished

Notes
Turn   | Place    | Note
-------+----------+-------------------------------------------
     0 | D:1      | Aviak the Gargoyle Berserker began the quest for the Orb.
     0 | D:1      | Reached XP level 1. HP: 14/14 MP: 1/1
   126 | D:1      | Reached XP level 2. HP: 19/19 MP: 2/2
   377 | D:1      | Reached XP level 3. HP: 23/23 MP: 3/3
   807 | D:2      | Reached ** piety under Trog
   900 | D:2      | Reached XP level 4. HP: 29/29 MP: 4/4
  1328 | D:2      | Reached XP level 5. HP: 33/33 MP: 5/5
  1437 | D:2      | Found a runed translucent door.
  1438 | D:2      | Noticed Crazy Yiuf
  1735 | D:2      | Killed Crazy Yiuf
  1841 | D:3      | Noticed Grinder
  1851 | D:3      | Killed Grinder
  1852 | D:3      | Reached XP level 6. HP: 40/40 MP: 6/6
  2212 | D:3      | Reached skill level 5 in Fighting
  2212 | D:3      | Reached XP level 7. HP: 44/44 MP: 7/7
  2419 | D:3      | Reached *** piety under Trog
  2887 | D:4      | Noticed Sigmund
  2920 | D:4      | Killed Sigmund
  2921 | D:4      | Reached skill level 5 in Maces & Flails
  2921 | D:4      | Reached skill level 5 in Armour
  3149 | D:4      | Reached XP level 8. HP: 31/51 MP: 8/8
  3270 | D:4      | Noticed Robin
  3303 | D:4      | Killed Robin
  3342 | D:4      | Found Atush's Antique Armour Shoppe.
  3347 | D:4      | Bought a buckler for 112 gold pieces
  3680 | D:4      | Reached skill level 1 in Shields
  3962 | D:5      | Entered Level 5 of the Dungeon
  3990 | D:5      | Found a shimmering altar of Xom.
  3992 | D:5      | Found an iron altar of Okawaru.
  4038 | D:5      | Found a staircase to the Ecumenical Temple.
  4392 | D:5      | Noticed Menkaure
  4401 | D:5      | Killed Menkaure
  4490 | D:5      | Found an iron altar of Okawaru.
  4853 | D:6      | Noticed Prince Ribbit
  4877 | D:6      | Killed Prince Ribbit
  4878 | D:6      | Reached XP level 9. HP: 37/56 MP: 9/9
  5071 | D:6      | Noticed Pikel
  5106 | D:6      | Killed Pikel
  5107 | D:6      | Reached **** piety under Trog
  5158 | D:6      | Found a blossoming altar of Fedhas.
  5843 | D:6      | HP: 1/57 [orc warrior/+0 halberd (16)]
  6070 | D:7      | Found a flagged portal.
  6115 | Bailey   | Entered a bailey
  6124 | Bailey   | Reached ***** piety under Trog
  6177 | Bailey   | Reached XP level 10. HP: 64/64 MP: 10/10
  6345 | Bailey   | Noticed an orc knight
  6345 | Bailey   | Noticed an orc knight
  6346 | Bailey   | Noticed an orc knight
  6366 | Bailey   | Reached skill level 1 in Evocations
  6371 | Bailey   | Killed an orc knight
  6395 | Bailey   | HP: 3/65 [orc knight/+0 glaive (18)]
  6396 | Bailey   | Mangled by an orc knight

Illustrated notes

Levels and vault maps discovered:
D:1:      nzn_arrival_settlement, layout_basic
D:2:      cheibrodos_helix_gallery, layout_loops_ring, uniq_crazy_yiuf_cottage
D:3:      layout_basic, uniq_grinder
D:4:      layout_loops_ring, serial_shops, shop, uniq_sigmund, uniq_robin
D:5:      layout_basic, chequers_temple_overflow_statue_of_worship,
          minmay_temple_entry_sparse_star, minmay_misc_feat_iff,
          okawaru_ov_weapons_minmay, uniq_menkaure
D:6:      layout_loops_ring, nicolae_overflow_hidden_temple,
          nicolae_overflow_crystal_walls, uniq_prince_ribbit1, uniq_pikel
D:7:      layout_basic, grunt_gozag_breadcrumbs, enter_bailey_5,
          kennysheep_potato
Bailey:   bailey_polearm_5, bailey

Skill      XL: |  1  2  3  4  5  6  7  8  9 10 |
---------------+-------------------------------+-----
Dodging        | 2 3 4 |  4.7
Armour         | 3 4 5 6 7 8 |  8.2
Fighting       | 4 5 6 8 |  8.6
Maces & Flails | 4 5 6 7 |  7.9
Shields        | 3 4 |  4.0
Evocations     | 1 |  1.6

Action                   |  1- 3 |  4- 6 |  7- 9 | 10-12 || total
-------------------------+-------+-------+-------+-------++-------
Melee: Mace              |   106 |   100 |   370 |       ||   576
       Whip              |       |       |   236 |    29 ||   265
Invok: Berserk           |     1 |     5 |     7 |       ||    13
       Trog's Hand       |       |     2 |     3 |     1 ||     6
       Brothers in Arms  |       |       |     1 |     3 ||     4
Evoke: Wand              |       |       |     3 |     6 ||     9
  Use: Scroll            |       |     1 |     8 |       ||     9
       Potion            |       |     1 |     1 |       ||     2
Armor: Animal skin       |     5 |       |       |       ||     5
       Ring mail         |    53 |    44 |   113 |       ||   210
       Scale mail        |       |       |    78 |       ||    78
       Plate armour      |       |       |   105 |    41 ||   146
Dodge: Dodged            |    87 |    75 |   270 |    21 ||   453
Block: Buckler           |       |       |    62 |     8 ||    70
